 Dungeon Crawl Stone Soup version 0.31-a0-819-gf6de2f5ab6 (webtiles) character file.

Game seed: 13035284319386456896

54 Dirtsage the Chopper (level 3, -5/29 HPs)
             Began as a Demonspawn Fighter on Sept 23, 2023.
             Slain by Crazy Yiuf
             ... wielding a +2 quarterstaff of chaos
              (8 damage)
             ... on level 2 of the Dungeon.
             The game lasted 00:01:29 (1556 turns).

Dirtsage the Chopper (Demonspawn Fighter)           Turns: 1556, Time: 00:01:30

Health: -5/29      AC:  9    Str: 18    XL:     3   Next: 66%
Magic:  3/3        EV:  9    Int:  9    God:
Gold:   75         SH:  4    Dex: 12    Spells: 2/2 levels left

rFire   + . .        a - +0 war axe
rCold   + . .        c - +0 buckler
rNeg    . . .        b - +0 scale mail
rPois   +            (no helmet)
rElec   +            (no cloak)
rCorr   +            (no gloves)
SInv    .            l - +0 pair of boots
Will    .....        (no amulet) Stlth
                     (no ring)
HPRegen 0.24/turn    (no ring)
MPRegen 0.08/turn

%: no passive effects
@: resistant
A: hooves 1, thin metallic scales 1
a: no special abilities


You were on level 2 of the Dungeon.
You visited 1 branch of the dungeon, and saw 2 of its levels.

You collected 75 gold pieces.

Inventory:

Hand Weapons
 a - a +0 war axe (weapon)
Missiles
 f - a throwing net
Armour
 b - a +0 scale mail (worn)
 c - a +0 buckler (worn)
 l - a +0 pair of boots (worn)
Magical Staves
 g - a staff of fire
Scrolls
 e - 2 scrolls of identify {unknown}
 i - a scroll of silence {unknown}
 j - a scroll of vulnerability {unknown}
 k - 2 scrolls of poison {unknown}
 m - a scroll of teleportation {unknown}
Potions
 d - a potion of might
 h - a potion of curing {unknown}


   Skills:
 - Level 3.0 Fighting
 + Level 3.7 Axes
 - Level 2.6 Armour
 - Level 2.6 Shields


You had 2 spell levels left.
You didn't know any spells.
Your spell library was empty.

Dungeon Overview and Level Annotations

Branches:
Dungeon (2/15)

Altars:

Annotations:
D:2 Crazy Yiuf


Innate Abilities, Weirdness & Mutations

You have large cloven feet.
You are partially covered in thin metallic scales. (AC +2)


Message History

Crazy Yiuf flaps his cloak.
You barely miss Crazy Yiuf.
Crazy Yiuf yells, "Ten!
Adder mumblescurry agre."
Crazy Yiuf hits you with a +2 quarterstaff of chaos!
Crazy Yiuf cries, "Whiteboard disdain ena!"
You block Crazy Yiuf's attack.
You take 10 damage, and have 19/29 hp.
MASSIVE DAMAGE!!
You closely miss Crazy Yiuf.
Crazy Yiuf hits you with a +2 quarterstaff of chaos!
Crazy Yiuf burns you.
You take 9 damage, and have 10/29 hp.
MASSIVE DAMAGE!!
You barely miss Crazy Yiuf. Crazy Yiuf closely misses you.
You slash Crazy Yiuf!
Crazy Yiuf is heavily wounded.
Crazy Yiuf hits you with a +2 quarterstaff of chaos.
* * * LOW HITPOINT WARNING * * *
You feel protected.
Crazy Yiuf says, "Key!"
You block Crazy Yiuf's attack.
You take 2 damage, and have 8/29 hp.
You closely miss Crazy Yiuf.
Crazy Yiuf is moderately wounded.
Crazy Yiuf hits you but does no damage.
You barely miss Crazy Yiuf.
Crazy Yiuf is moderately wounded.
Crazy Yiuf grits, "Paint!
Orb turtle ena."
Crazy Yiuf hits you with a +2 quarterstaff of chaos.
* * * LOW HITPOINT WARNING * * *
You take 3 damage, and have 6/29 hp.
You hit Crazy Yiuf.
Crazy Yiuf is heavily wounded.
Crazy Yiuf hits you with a +2 quarterstaff of chaos.
* * * LOW HITPOINT WARNING * * *
You take 4 damage, and have 2/29 hp.
You hit Crazy Yiuf.
Crazy Yiuf is almost dead.
Crazy Yiuf cries, "Sif Muna ragdoll spinner!"
Crazy Yiuf misses you.
Crazy Yiuf hits you with a +2 quarterstaff of chaos!
You die...

#.. #..# #..# ...
#..####..# ##.#
#........# ##
#######.## #.# #.# ###
♣♣#######.## #)..#♣♣
♣♣..#......#.
#...g@♣♣♣♣......#####.
#...#♣..♣......##.....
### ♣♣♣.♣...####.###.
♣♣♣♣♣## #.# #. #.# ##
#.# ###.# #...####
#.###...


You could see Crazy Yiuf.

Vanquished Creatures
  A dart slug (D:1)
  3 bats
  3 endoplasms
  15 giant cockroaches
  2 goblins (D:1)
  4 hobgoblins
  3 jackals (D:1)
  A quokka (D:2)
  4 ball pythons
  A frilled lizard (D:2)
  3 kobolds
  4 rats
44 creatures vanquished.

Notes
Turn   | Place    | Note
-------+----------+-------------------------------------------
     0 | D:1      | Dirtsage the Demonspawn Fighter began the quest for the
                  | Orb.
     0 | D:1      | Reached XP level 1. HP: 18/18 MP: 1/1
   176 | D:1      | Gained mutation: You have large cloven feet. [demonic
                  | ancestry]
   176 | D:1      | Reached XP level 2. HP: 24/24 MP: 2/2
  1019 | D:2      | Gained mutation: You are partially covered in thin metallic
                  | scales. (AC +2) [demonic ancestry]
  1019 | D:2      | Reached XP level 3. HP: 29/29 MP: 3/3
  1482 | D:2      | Found a runed translucent door.
  1483 | D:2      | Noticed Crazy Yiuf
  1556 | D:2      | Slain by Crazy Yiuf

Illustrated notes

Levels and vault maps discovered:
D:1:      co_arrival_square_in_a_square_in_a_square, layout_basic,
          minmay_misc_feat_room
D:2:      minmay_roachtagon, layout_loops_ring, serial_forest,
          infiniplex_forest_zigzag_1, infiniplex_forest_lined_room_,
          infiniplex_forest_lined_2, infiniplex_forest_end_1,
          infiniplex_forest_straight_5, minmay_pentomino_o4,
          uniq_crazy_yiuf_cottage

Skill      XL: |  1  2 |
---------------+-------+-----
Axes           | 2 3 |  3.7
Fighting       | |  3.0
Armour         | |  2.6
Shields        | |  2.6

Action                     || total
---------------------------++-------
  Melee: War axe           ||   117
         Kick              ||     5
 Armour: Scale mail        ||   104
  Dodge: Dodged            ||    48
  Block: Buckler           ||    26

Table legend: (Time is in decaauts)
 A = Elapsed time spent in this place.
 B = Non-inter-level travel time spent in this place.
 C = Inter-level travel time spent in this place.
 D = Time resting spent in this place.
 E = Time spent auto-exploring this place.
 F = Levels seen in this place.
 G = Mean time per level.
                   A        B        C        D        E       F      G
               +--------+--------+--------+--------+--------+-----+--------+
         Total |   1601 |   1555 |     46 |      0 |   1283 |   2 |  800.5 |
       Dungeon |   1601 |   1555 |     46 |      0 |   1283 |   2 |  800.5 |
               +--------+--------+--------+--------+--------+-----+--------+

Top non-repeatable levels by time:
     D:1: 877 daAuts
     D:2: 724 daAuts
